[Event "Early-Titled-Tuesday-Blitz-September-05-2023"]
[Site "Chess.com"]
[Date "2023.09.05"]
[Round "3"]
[White "FuenfgegenWilly"]
[Black "ykam78"]
[Result "1/2-1/2"]
[WhiteElo "2303"]
[BlackElo "2513"]
[TimeControl "180+1"]
[EndTime "8:28:37 PDT"]
[Termination "Game drawn - insufficient material"]

1. e4 e5 2. Nc3 Nc6 3. Nf3 Nf6 4. d4 exd4 5. Nxd4 Bb4 6. Nxc6 bxc6 7. Bd3 d5 8. exd5 O-O 9. O-O Bg4 10. f3 Bh5 11.
dxc6 Qd4+ 12. Kh1 Bxc3 13. bxc3 Qxc3 14. Bg5 Qxc6 15. Bxf6 Qxf6 16. Rb1 Rab8 17. Be4 Bg6 18. Qd3 Rb6 19. Rb3 Rd8 20. Qe2 Re8 21. Re3 Qe6 22. Re1 Qxa2 23. Bxg6 Rxe3 24. Qxe3 hxg6 25. Qe8+ Kh7 26. h3 Re6 27. Rxe6 Qxe6 28. Qa4 Qe1+ 29. Kh2 Qe5+ 30. Kg1 Qc5+ 31. Kh1 g5 32. h4 g6 33. Qe8 Kg7 34. hxg5 Qxg5 35. Qa4 a5 36. Qa1+ Kh7 37. Qa4 Qh4+ 38. Kg1 Qe1+ 39. Kh2 Qb4 40. Qe8 Qd6+ 41. Kh1 Kg7 42. Qa4 Qe5 43. Qc6 Qd6 44. Qc3+ Kh7 45. Qxa5 Qd1+ 46. Kh2 Qxc2 47. Qe5 Qc4 48.
Qf6 Qe6 49. Qh4+ Kg7 50. Qd4+ Qf6 51. Qc4 Qe5+ 52. f4 Qd6 53. Qc3+ Kg8 54. g3 c5 55.
Kh3 Qd7+ 56. Kh4 Qd4 57. Qa5 c4 58. Qa8+ Kg7 59. Qc8 Qf6+ 60. Kg4 Qe6+ 61. Qxe6 fxe6 62. Kf3 Kf6 63. g4 Ke7 64. Ke4 Kd6 65. Kd4 c3 66.
Kxc3 Kd5 67. Kd3 e5 68. f5 gxf5 69. gxf5 e4+ 70. Ke3 Ke5 71. f6 Kxf6 72. Kxe4 1/2-1/2

[Event "Early-Titled-Tuesday-Blitz-September-05-2023"]
[Site "Chess.com"]
[Date "2023.09.05"]
[Round "3"]
[White "blitzking1729"]
[Black "Rud_Makarian"]
[Result "1-0"]
[WhiteElo "2756"]
[BlackElo "2938"]
[TimeControl "180+1"]
[EndTime "8:28:38 PDT"]
[Termination "blitzking1729 won by resignation"]

1. Nf3 Nf6 2. c4 c6 3. Nc3 d5 4.
e3 a6 5. Be2 Bf5 6. Qb3 Ra7 7.
cxd5 cxd5 8. Qa4+ Nc6 9. Ne5 Bd7 10. Nxd7 Qxd7 11. d4 e6 12. O-O Bd6 13. Bd2 h5 14. Rfc1 h4 15. a3 h3 16. g3 O-O 17. b4 e5 18. dxe5 Bxe5 19. Ra2 Raa8 20. Bf1 Qf5 21. Qc2 Qh5 22. Qd1 Qf5 23. Qc2 Qe6 24. Ne2 Ne4 25. Nf4 Bxf4 26. exf4 d4 27. Re1 d3 28. Bxd3 Nd4 29. Rxe4 Qxe4 30. Bxe4 Nxc2 31. Rxc2 Rac8 32.
Rxc8 Rxc8 33. Kf1 Rc4 34. Bxb7 Rc2 35. Ke2 Ra2 36. Bxa6 Rxa3 37. Bc8 Rb3 38. Bxh3 g6 39. Bg2 Kf8 40. h4 Ke7 41. Bd5 Rb2 42. Bc4 f5 43. Bd3 Kd6 44. Ke3 Kd5 45. b5 Rb3 46. Ba5 Kc5 47.
Bd8 Kd5 48. f3 Kd6 49. g4 Kd7 50. Bf6 Ke6 51. Bd4 Kd5 52. b6 Rb4 53. gxf5 gxf5 54.
b7 Rxb7 55. Bxf5 Re7+ 56. Be5 Ra7 57. h5 Ra3+ 58. Kf2 Ra6 59. Bg6 Ra8 60. h6 Ke6 61. h7 Ke7 62. h8=Q 1-0

[Event "Early-Titled-Tuesday-Blitz-September-05-2023"]
[Site "Chess.com"]
[Date "2023.09.05"]
[Round "3"]
[White "TimofeevAr"]
[Black "Vsevolod_Ovchinnikov"]
[Result "1-0"]
[WhiteElo "2857"]
[BlackElo "2614"]
[TimeControl "180+1"]
[EndTime "8:28:38 PDT"]
[Termination "TimofeevAr won on time"]

1. c4 Nf6 2. Nc3 d5 3. cxd5 Nxd5 4. h4 c5 5. Nf3 Nc6 6. h5 Bg4 7. d3 e5 8. h6 g6 9. e3 Be7 10. Be2 Be6 11. a3 Qd7 12. Bd2 Rd8 13. Rc1 b6 14. Ne4 f6 15. Qc2 a5 16. Nc3 O-O 17. Nxd5 Qxd5 18.
O-O Rc8 19. Rfe1 Rfd8 20. Qb1 Bf8 21. e4 Qd7 22. Be3 Bb3 23. Nd2 Be6 24. Nc4 Rb8 25.
a4 g5 26. Bd2 Bxh6 27. Bc3 g4 28. Rcd1 Bg5 29. g3 h5 30. Ne3 Kg7 31. Kg2 Rh8 32. Rh1 Rh6 33. Rdf1 Nd4 34. Qd1 Rbh8 35. Bxd4 exd4 36.
Nc4 h4 37. gxh4 Rxh4 38. Rxh4 Rxh4 39. Rh1 Rxh1 40. Qxh1 Qxa4 41. Qh5 Qd7 42. Nxb6 Qf7 43. Bxg4 Qxh5 44. Bxh5 f5 45. exf5 Bxf5 46. Be2 Bd8 47.
Na4 Be7 48. Kf3 Kf6 49. Bf1 Ke5 50. Ke2 Bg4+ 51. Kd2 Bg5+ 52. Kc2 Kd6 53. Bg2 Bd8 54. b3 Bd7 55. Nb2 Ke6 56. Bh3+ Ke7 57. Bxd7 Kxd7 58. Nc4 Ke6 59. Kd2 Bc7 60. Ke2 Kf5 61. Kf3 Bd8 62. Nd6+ 1-0

[Event "Early-Titled-Tuesday-Blitz-September-05-2023"]
[Site "Chess.com"]
[Date "2023.09.05"]
[Round "3"]
[White "C_K_G"]
[Black "NovikovaGalina"]
[Result "0-1"]
[WhiteElo "2062"]
[BlackElo "2403"]
[TimeControl "180+1"]
[EndTime "8:28:39 PDT"]
[Termination "NovikovaGalina won by resignation"]

1. e4 e6 2. Nf3 d5 3. Nc3 Nf6 4. e5 Nfd7 5. d4 c5 6. Bg5 Qb6 7. dxc5 Bxc5 8. Qd2 Bb4 9. a3 Qa5 10. Bd3 Nc6 11. O-O Bxc3 12. bxc3 Ncxe5 13. Nxe5 Nxe5 14. Rfe1 Nxd3 15. Qxd3 O-O 16. Re3 f6 17. Rh3 f5 18.
Qg3 Rf7 19. Qh4 g6 20. Bf6 Bd7 21. Bd4 Re8 22. Qf4 Qa4 23. Qe5 Kf8 24. Bc5+ Kg8 25. Bd4 Kf8 26. Qh8+ Ke7 27. Bc5+ Kd8 28. Qe5 Qc6 29.
Bxa7 Qc7 30. Qe3 Kc8 31. Bb6 Qc4 32. Qe5 Ba4 33. Be3 Qc7 34. Qd4 Bc6 35. Bf4 e5 36. Bxe5 Qxe5 37. Re3 Qxd4 38. Rxe8+ Bxe8 39. cxd4 Rc7 40. Ra2 Rc3 41. Kf1 Bb5+ 42. Ke1 Bc4 43. Rb2 Rxa3 44. Kd2 Ra1 45. c3 Rh1 46. h3 Rh2 47. Ke3 Rxg2 48. Kf4 Rg1 49. Ke5 Kc7 50. Kf6 Re1 51. Kg7 Re7+ 52. Kf6 Rd7 53. Ke5 Re7+ 54.
Kf6 Re2 55. Rb4 Rxf2 56. Kg7 Rh2 57. Kxh7 f4 58. Kxg6 f3 59. Rb1 f2 60. Rf1 Bxf1 0-1

[Event "Early-Titled-Tuesday-Blitz-September-05-2023"]
[Site "Chess.com"]
[Date "2023.09.05"]
[Round "3"]
[White "InitiatingASC"]
[Black "isaak2009"]
[Result "1-0"]
[WhiteElo "2350"]
[BlackElo "2550"]
[TimeControl "180+1"]
[EndTime "8:28:40 PDT"]
[Termination "InitiatingASC won by resignation"]

1. e4 c6 2. Nf3 d5 3. Nc3 Bg4 4. exd5 cxd5 5. d4 Nc6 6. Be3 Nf6 7. h3 Bh5 8. g4 Bg6 9. Nh4 e6 10. Nxg6 hxg6 11. Bb5 Qb6 12. Bxc6+ Qxc6 13. Ne2 Nxg4 14. Qd2 Nxe3 15. fxe3 Qa6 16. a3 b5 17. c3 Be7 18.
O-O-O Qa4 19. Kb1 a5 20. Qc2 Qc4 21. Nf4 b4 22. cxb4 Qxc2+ 23. Kxc2 axb4 24. axb4 Bxb4 25. Nd3 Bd6 26. Rb1 Ke7 27. Nc5 Rhb8 28. Ra1 e5 29.
Rhe1 e4 30. Kc3 Bc7 31. b4 f5 32. Rg1 Kf7 33. Nd7 Rc8 34. Kb3 Bd6 35. Nc5 Rcb8 36.
Rgb1 g5 37. Rg1 Kg6 38. Rxa8 Rxa8 39. Ne6 Be7 40. Nf4+ Kf7 41. Nxd5 Bf6 42. b5 Rh8 43. b6 Rxh3 44. Kc4 Rh2 45. Rb1 Rc2+ 46. Kb5 Rc8 47.
b7 Rb8 48. Kc6 g4 49. Kc7 Rxb7+ 50. Rxb7 g3 51. Kd6+ Kg6 52. Nf4+ Kg5 53. Ke6 Kg4 54. Rf7 Kf3 55. Kxf5 Kxe3 56. d5 Kf3 57. d6 e3 58.
d7 e2 59. Nxe2 Kxe2 60. Rxf6 g2 61. d8=Q g1=Q 62. Qe7+ Kf3 63. Qe4+ Kf2 64. Qd4+ Kf1 65. Qxg1+ Kxg1 66. Rg6+ 1-0

[Event "Early-Titled-Tuesday-Blitz-September-05-2023"]
[Site "Chess.com"]
[Date "2023.09.05"]
[Round "3"]
[White "Firouzja2003"]
[Black "mitrabhaa"]
[Result "1-0"]
[WhiteElo "3131"]
[BlackElo "2820"]
[TimeControl "180+1"]
[EndTime "8:28:41 PDT"]
[Termination "Firouzja2003 won by resignation"]

1. d4 Nf6 2. c4 e6 3. Nf3 b6 4.
a3 Bb7 5. Nc3 Ne4 6. Nxe4 Bxe4 7. Nd2 Bb7 8. e4 Be7 9. Bd3 O-O 10. Nf3 d6 11. O-O Nd7 12. Be3 c5 13. d5 Bf6 14. Rb1 Qe7 15. b4 Rab8 16. Qd2 Rfe8 17. h3 Ne5 18. Nxe5 Bxe5 19. bxc5 bxc5 20. Qa5 Ba8 21. Rb5 Rxb5 22. Qxb5 g6 23. Bg5 Qf8 24. Qd7 h6 25. Bxh6 Re7 26. Bxf8 Rxd7 27. Bh6 Rb7 28. Rb1 Rxb1+ 29. Bxb1 Bb7 30. Kf1 Bc8 31. a4 Bd4 32. Bc2 f6 33. h4 e5 34. Bd1 Bd7 35. Bd2 Kf7 36. g4 a6 37. Ba5 Be8 38. h5 g5 39.
Bd8 Bc3 40. h6 Kg6 41. h7 Kxh7 42. Bxf6 Ba5 43. Be7 Bc7 44. Bxg5 Kg6 45. f4 Bd7 46. Kf2 Be8 47. Kg3 Bd7 48. Kh4 exf4 49. Bxf4 Bd8+ 50.
g5 Be7 51. a5 Kg7 52. Bg4 Ba4 53. Bc8 Bc2 54. Bxa6 Bd8 55. Bd2 Bxe4 56. Bb5 Bc7 57. a6 Bb8 58. Bf4 Kg6 59. Bxd6 1-0

[Event "Early-Titled-Tuesday-Blitz-September-05-2023"]
[Site "Chess.com"]
[Date "2023.09.05"]
[Round "3"]
[White "ExchangeAB"]
[Black "ZuraTqebuchava"]
[Result "0-1"]
[WhiteElo "2434"]
[BlackElo "2269"]
[TimeControl "180+1"]
[EndTime "8:28:41 PDT"]
[Termination "ZuraTqebuchava won by resignation"]

1. d4 d5 2. Nc3 Nf6 3. Bf4 c6 4.
e3 Bf5 5. f3 e6 6. g4 Bg6 7. h4 h6 8. Bd3 Bxd3 9. cxd3 Bd6 10. Nge2 Bxf4 11. Nxf4 Nbd7 12. Qb3 Qb6 13. Na4 Qxb3 14.
axb3 O-O-O 15. b4 a6 16. Kf2 Kc7 17. Ne2 e5 18. Rhd1 e4 19. dxe4 dxe4 20. Nec3 exf3 21. Kxf3 Rhe8 22. g5 hxg5 23. hxg5 Nd5 24. Nxd5+ cxd5 25. Rac1+ Kb8 26. Rh1 Re7 27. Rh7 Rde8 28. Rc3 Nf8 29. Rxg7 Ne6 30. Nb6 Nxg7 31. Nxd5 Re6 32. Nc7 Rg8 33.
Nxe6 Nxe6 34. Ke4 Nxg5+ 35. Kf5 Ne6 36. Kf6 Rg2 37. Kxf7 Ng5+ 38. Ke7 Rxb2 39. d5 Ne4 40.
Rc4 Nd2 41. Rd4 Nf3 42. Rd1 Rxb4 43. d6 Ne5 44. d7 Nxd7 45. Kxd7 Ka7 46. Kd6 Rb5 47. e4 Rb3 48. e5 Re3 49. e6 a5 50.
Kd7 b5 51. e7 Kb6 52. e8=Q Rxe8 53. Kxe8 b4 54. Kd7 Kb5 55. Kd6 b3 56. Kd5 Kb4 57.
Kd4 a4 58. Kd3 a3 59. Rh1 a2 60. Rg1 b2 61. Kc2 a1=Q 62. Rg4+ Kb5 63. Rg5+ Kc6 64. Rg6+ Kd7 0-1

[Event "Early-Titled-Tuesday-Blitz-September-05-2023"]
[Site "Chess.com"]
[Date "2023.09.05"]
[Round "3"]
[White "LeoWin2012"]
[Black "TatjanaVasilevich"]
[Result "0-1"]
[WhiteElo "2232"]
[BlackElo "2491"]
[TimeControl "180+1"]
[EndTime "8:28:41 PDT"]
[Termination "TatjanaVasilevich won by checkmate"]

1. e4 c5 2. Nf3 Nc6 3. d4 cxd4 4. Nxd4 Nf6 5. Nc3 e6 6. Be3 Bb4 7. f3 d5 8. Nxc6 bxc6 9. exd5 cxd5 10. Bb5+ Bd7 11.
Bxd7+ Qxd7 12. O-O O-O 13. Bd4 Ne8 14. f4 f6 15. Qg4 Nd6 16. Rf3 Nf5 17. Bf2 Bxc3 18. bxc3 Rab8 19. Qh5 Rb2 20. g4 Nd6 21. Bc5 Rxc2 22.
Bxd6 Qxd6 23. Rh3 h6 24. Qg6 Qc5+ 25. Kh1 Qf2 26. Rg1 Re2 27. g5 Re1 28. gxh6 Rxg1+ 29. Qxg1 Qxg1+ 30. Kxg1 gxh6 31. Rxh6 Kg7 32. Rh3 Rb8 33.
Rg3+ Kf7 34. Rf3 Rb2 35. Rf2 Rb1+ 36. Kg2 Rc1 37. Rf3 Rc2+ 38. Rf2 Rxc3 39. Rb2 Ra3 40. h4 Kg6 41. Re2 Kf5 42. h5 Rc3 43. h6 Rc8 44. Kf3 Rh8 45. Rh2 Kg6 46. Re2 Rxh6 47. Rxe6 Rh2 48. Ra6 Kf5 49. Rxa7 Rh3+ 50. Kg2 Rc3 51. Ra6 d4 52. a4 d3 53. Rd6 Kxf4 54. a5 Rc2+ 55.
Kf1 Ke3 56. Re6+ Kd2 57. a6 Ra2 58. Rd6 Kc2 59. Rc6+ Kd1 60. Rd6 d2 61. Kf2 Kc1 62. Ke2 d1=Q+ 63. Ke3 Qxd6 64. a7 Qd2+ 65. Kf3 Ra3+ 66.
Kg4 Qg5# 0-1

[Event "Early-Titled-Tuesday-Blitz-September-05-2023"]
[Site "Chess.com"]
[Date "2023.09.05"]
[Round "3"]
[White "nrvisakh"]
[Black "amanjazu"]
[Result "1-0"]
[WhiteElo "2828"]
[BlackElo "2372"]
[TimeControl "180+1"]
[EndTime "8:28:42 PDT"]
[Termination "nrvisakh won by resignation"]

1. Nf3 d5 2. b3 e6 3. Bb2 Nf6 4.
e3 c5 5. Ne5 a6 6. g3 Nc6 7.
Nxc6 bxc6 8. Bg2 Bd6 9. f4 Qc7 10. O-O e5 11. Nc3 O-O 12. Na4 Bg4 13. Bf3 Bh3 14.
Bg2 Bxg2 15. Kxg2 Nd7 16. fxe5 Bxe5 17. Bxe5 Qxe5 18. Qg4 f5 19. Qf4 Rae8 20. Qxe5 Rxe5 21. a3 d4 22. Nb2 dxe3 23. Nc4 e2 24. Rfe1 Re6 25. Kf2 f4 26. g4 f3 27. g5 Ne5 28.
Rg1 Nxc4 29. bxc4 Rf4 30. d3 Kf7 31. Rg3 Kg6 32. Re1 Rh4 33. h3 Rf4 34. Rxf3 Rxf3+ 35. Kxf3 Kxg5 36. c3 Kh4 37. d4 cxd4 38. cxd4 g5 39. Rxe2 Rd6 40. Ke4 Kxh3 41. c5 Rd8 42. Rf2 g4 43.
Rf6 h5 44. Rxc6 g3 45. Rg6 g2 46. c6 Kh2 47. d5 g1=Q 48. Rxg1 Kxg1 49. c7 Re8+ 50.
Kf5 h4 51. Kg4 Re4+ 52. Kh3 Rc4 53. d6 Kf2 54. d7 Rxc7 55. d8=Q Rc3+ 56. Kxh4 Re3 57.
Qb6 1-0

[Event "Early-Titled-Tuesday-Blitz-September-05-2023"]
[Site "Chess.com"]
[Date "2023.09.05"]
[Round "3"]
[White "Daniel_Salinas"]
[Black "FREDERICKtheMATE"]
[Result "0-1"]
[WhiteElo "2313"]
[BlackElo "2538"]
[TimeControl "180+1"]
[EndTime "8:28:43 PDT"]
[Termination "FREDERICKtheMATE won by resignation"]

1. d4 Nf6 2. c4 e6 3. g3 d5 4. Nf3 dxc4 5. Bg2 c5 6. O-O Nc6 7. dxc5 Qxd1 8. Rxd1 Bxc5 9. Nbd2 c3 10. bxc3 O-O 11. Nb3 Be7 12. Nfd4 Bd7 13. a4 Rac8 14.
Nb5 Rfd8 15. Nd6 Rc7 16. Nc5 Bc8 17. Bf4 e5 18. Nxc8 Bxc5 19. Bxc6 Rxd1+ 20. Rxd1 Rxc8 21. Bxb7 Rb8 22. Bxe5 Rxb7 23. Rd8+ Bf8 24. Bd6 Nd7 25. c4 f6 26. c5 Kf7 27. c6 Rb1+ 28. Kg2 Bxd6 29.
Rxd7+ Be7 30. Rxa7 Rc1 31. c7 Ke6 32. a5 Kd6 33. a6 Rxc7 34. Ra8 Kc6 35. Rg8 Bc5 36. e4 Kb6 37. f4 Kxa6 38. Kf3 Kb5 39. e5 fxe5 40. fxe5 Kc6 41. Ke4 Bg1 42. h4 Re7 43. Kf5 Bf2 44. e6 Bxg3 45. h5 Bd6 46. Rc8+ Kd5 47.
Ra8 Kc6 48. Ra6+ Kc5 49. Ra5+ Kb6 50. Ra2 Rb7 51. Rb2+ Kc6 52. Rc2+ Bc5 53. Rd2 Be7 54. Rg2 Bh4 55. Rc2+ Kd6 56. Rd2+ Kc6 57. Rc2+ Kb6 58. Rb2+ Ka7 59. Ra2+ Kb8 60. Re2 h6 61. Kg6 Bf6 62.
Rf2 Re7 63. Rxf6 gxf6 64. Kxf6 Re8 65. e7 Kc7 66. Kf7 Kd7 67. Kg7 Kxe7 68. Kxh6 Kf6 69. Kh7 Re5 70. h6 Rh5 71. Kg8 Rxh6 0-1

[Event "Early-Titled-Tuesday-Blitz-September-05-2023"]
[Site "Chess.com"]
[Date "2023.09.05"]
[Round "3"]
[White "jlf287"]
[Black "Let_it_be_1"]
[Result "1-0"]
[WhiteElo "2481"]
[BlackElo "2629"]
[TimeControl "180+1"]
[EndTime "8:28:45 PDT"]
[Termination "jlf287 won by resignation"]

1. d4 d5 2. c4 e6 3. Nf3 Nf6 4. g3 Be7 5. Bg2 O-O 6. O-O dxc4 7. Qc2 a6 8. Rd1 b5 9. Ne5 Nd5 10. b3 cxb3 11. axb3 Bb7 12. Ba3 Bxa3 13. Rxa3 Qd6 14.
Rc1 Nd7 15. Nd3 Rac8 16. Nc5 Nxc5 17. Qxc5 Rfd8 18. Nd2 Qb6 19. Ne4 Nf6 20. Nxf6+ gxf6 21. e3 Bxg2 22. Kxg2 Qxc5 23. Rxc5 Rd6 24. b4 f5 25. Rac3 c6 26. Ra3 Ra8 27. Rc2 Kf8 28.
Rca2 Ke7 29. Rxa6 Rad8 30. h4 h5 31. Ra7+ R8d7 32. Rxd7+ Rxd7 33. Ra8 Kf6 34. Rc8 Rd6 35. Kf3 e5 36. dxe5+ Kxe5 37. Rh8 Kd5 38. Rxh5 Kc4 39. Rxf5 Kxb4 40. g4 c5 41. g5 c4 42. Rxf7 c3 43. Rc7 Kb3 44. h5 c2 45. h6 Rd7 46. Rxc2 Kxc2 47. g6 Rd6 48. g7 Rf6+ 49. Ke2 Rxh6 50. g8=Q Rc6 51. Qh7+ Kc1 52. Qd7 Rc2+ 53. Kf3 b4 54. Qa4 Rb2 55. e4 b3 56. e5 Rb1 57.
e6 b2 58. Qc4+ Kd2 59. e7 Rc1 60. Qd4+ Kc2 61. Qxb2+ Kxb2 62. e8=Q Rc3+ 63. Qe3 Rxe3+ 64. Kxe3 Kc3 65. Ke4 Kc4 66. f4 Kc5 67. Ke5 Kc6 68. Ke6 Kc7 69. Ke7 1-0

[Event "Early-Titled-Tuesday-Blitz-September-05-2023"]
[Site "Chess.com"]
[Date "2023.09.05"]
[Round "3"]
[White "GrumbleBruno"]
[Black "KVAIDAN"]
[Result "1-0"]
[WhiteElo "2447"]
[BlackElo "2205"]
[TimeControl "180+1"]
[EndTime "8:28:46 PDT"]
[Termination "GrumbleBruno won by checkmate"]

1. e4 e5 2. Nf3 d5 3. exd5 e4 4.
Qe2 Nf6 5. Nc3 Be7 6. Nxe4 O-O 7. Nxf6+ Bxf6 8. Qd1 Qxd5 9. Be2 c5 10. O-O Nc6 11.
d3 Re8 12. h3 Bf5 13. c3 Rad8 14. Be3 b6 15. Qa4 h6 16. Rad1 Bd7 17. Qb3 Qd6 18.
Rfe1 Be6 19. Qc2 Na5 20. d4 c4 21. Nd2 Rc8 22. Ne4 Qe7 23. d5 Bf5 24. Nxf6+ Qxf6 25. Qd2 Rcd8 26. Bf3 Nb7 27. Bd4 Qg6 28. Kh2 Nd6 29. Rxe8+ Rxe8 30. Re1 Rd8 31. Qf4 f6 32. Re7 Nb5 33.
Be3 Qg5 34. Qxg5 hxg5 35. a4 Nd6 36. Rxa7 Ne4 37. Bxb6 Rxd5 38. Re7 Rd6 39. a5 Nd2 40. a6 Nxf3+ 41. gxf3 Rxb6 42. a7 Ra6 43. Re8+ Kh7 44.
a8=Q Rxa8 45. Rxa8 Bd3 46. Kg3 Kg6 47. f4 Kf5 48.
fxg5 Kxg5 49. Ra5+ f5 50. h4+ Kh5 51. Rd5 g5 52. hxg5 Kxg5 53. f4+ Kf6 54. b4 Ke6 55. Rc5 Kd6 56. Kf2 Ke6 57. Ke3 Kd6 58. Kd4 Ke6 59. Rxc4 Be2 60. Rc5 Kd6 61. b5 Bg4 62. c4 Bf3 63. Rc8 Be4 64. Rf8 Kd7 65. Ke5 Bd3 66. Kd5 Be4+ 67. Kc5 Bd3 68. b6 Be4 69. Rf7+ Kc8 70.
Kd6 Bd3 71. c5 Be4 72. c6 Kd8 73. Rf8# 1-0

[Event "Early-Titled-Tuesday-Blitz-September-05-2023"]
[Site "Chess.com"]
[Date "2023.09.05"]
[Round "3"]
[White "Anton_Demchenko"]
[Black "ChessQueen"]
[Result "0-1"]
[WhiteElo "2921"]
[BlackElo "2740"]
[TimeControl "180+1"]
[EndTime "8:28:47 PDT"]
[Termination "ChessQueen won by resignation"]

1. e4 e5 2. Nf3 Nf6 3. Nxe5 d6 4.
Nf3 Nxe4 5. d4 d5 6. Bd3 Bd6 7. O-O O-O 8. c4 c6 9. cxd5 cxd5 10. Nc3 Nxc3 11. bxc3 Nd7 12. Bg5 Qc7 13. Re1 Nb6 14.
Bh4 h6 15. Ne5 Be6 16. Re3 Rfe8 17. Bb5 Nd7 18. Qh5 Bxe5 19. dxe5 Nf8 20. Bxe8 Rxe8 21. Qe2 Ng6 22. Bg3 Rc8 23. Qb5 a6 24. Qb4 Ne7 25. Rb1 b5 26. Qd6 Qa7 27. Qa3 Nf5 28.
Ree1 Rc4 29. Rxb5 h5 30. Rb4 Rc6 31. Reb1 Qc5 32. Rb8+ Kh7 33. Qxc5 Rxc5 34. Ra8 Rxc3 35.
Rxa6 d4 36. Rd1 d3 37. Bf4 Bc4 38. Rc6 Nd4 39. Rxc4 Rxc4 40. Be3 Ne2+ 41. Kf1 Rc3 42. g3 Ra3 43. Kg2 Kg6 44. Kf3 Kf5 45. Rb1 Rxa2 46. Rb7 Ng1+ 47. Kg2 Ne2 48. Kf3 Ng1+ 49. Kg2 Ne2 50.
Rxf7+ Kxe5 51. Rxg7 Nc3 52. Rg5+ Ke6 53. Rxh5 d2 54. Bxd2 Rxd2 55. Rh8 Nd1 56. Rf8 Ne3+ 57. Kf3 Nf5 58. h4 Rd3+ 59. Kg2 Rd2 60. h5 Nh6 61. Rh8 Ng4 62. Rf8 Ke7 63. Rf4 Nf6 64. g4 Nd5 65. Rf5 Ne3+ 66. Kg3 Nxf5+ 67. gxf5 Kf6 68. f3 Rd5 69. h6 Rxf5 0-1

[Event "Early-Titled-Tuesday-Blitz-September-05-2023"]
[Site "Chess.com"]
[Date "2023.09.05"]
[Round "3"]
[White "AsadliVugar"]
[Black "BogdanDeac"]
[Result "1-0"]
[WhiteElo "2806"]
[BlackElo "3028"]
[TimeControl "180+1"]
[EndTime "8:28:48 PDT"]
[Termination "AsadliVugar won on time"]

1. e4 e5 2. Nf3 Nf6 3. Nxe5 d6 4.
Nf3 Nxe4 5. d4 d5 6. Bd3 Nc6 7. O-O Bg4 8. Re1 Be7 9. c3 f5 10. Nbd2 O-O 11. Nf1 Bd6 12. Ng3 Kh8 13. h3 Bxg3 14.
fxg3 Bh5 15. Kh2 Ne7 16. Qb3 Ng6 17. Ne5 Nxe5 18. dxe5 Nc5 19. Qc2 Bg6 20. e6 Qf6 21. e7 Rfe8 22. Bf4 Rxe7 23. Rxe7 Qxe7 24. Bxf5 Bxf5 25.
Qxf5 c6 26. Bg5 Qe8 27. Rf1 Ne4 28. Bf4 Kg8 29. Be5 Qe7 30. Bd4 Rf8 31. Qxf8+ Qxf8 32. Rxf8+ Kxf8 33. Bxa7 c5 34. b4 Nxc3 35. Bxc5+ Kf7 36.
a3 b5 37. Bd4 Ne2 38. Be3 d4 39. Bd2 Ke6 40. g4 Kd5 41. g3 Ke4 42. Kg2 Nc3 43. Kf2 Kd3 44. Bf4 Kc2 45. g5 d3 46. h4 Nd5 47. g6 hxg6 48. Bg5 Nc3 49. Bf4 Nb1 50. g4 Nxa3 51. Kf3 Nc4 52. Ke4 Nd2+ 53. Kd4 Nf3+ 54. Kc5 d2 55. Bxd2 Kxd2 56. Kxb5 Kc3 57. Kc5 Nd4 58.
Kd5 Kd3 59. Ke5 Nc6+ 60. Ke6 Nxb4 61. Kf7 g5 62. h5 Ke4 63. Kxg7 Nc6 64. h6 1-0

[Event "Early-Titled-Tuesday-Blitz-September-05-2023"]
[Site "Chess.com"]
[Date "2023.09.05"]
[Round "3"]
[White "IPAchess"]
[Black "biostatistician"]
[Result "1/2-1/2"]
[WhiteElo "2418"]
[BlackElo "2593"]
[TimeControl "180+1"]
[EndTime "8:28:49 PDT"]
[Termination "Game drawn by agreement"]

1. d4 Nf6 2. c4 g6 3. Nc3 Bg7 4. e4 d6 5. Be2 O-O 6. Be3 Nc6 7. g4 e5 8. d5 Nd4 9. f3 h5 10. g5 Nh7 11. h4 f5 12. Qd2 fxe4 13. fxe4 Nxe2 14.
Ngxe2 Bg4 15. O-O-O Qd7 16. Rdf1 a6 17. Kb1 Bh3 18. Rf2 Rxf2 19. Bxf2 Rf8 20. Qe3 Bg4 21. Nc1 Rf3 22. Qe1 Nf8 23. Nb3 Qf7 24. Rh2 Nd7 25.
Nd2 Rh3 26. Rxh3 Bxh3 27. Be3 Bf8 28. Nd1 Be7 29. Qg3 Bg4 30. Nf2 Be2 31. Kc2 c6 32.
b3 Bd8 33. Nb1 Ba5 34. a3 c5 35. Bd2 Bxd2 36. Kxd2 Qf3 37. Qxf3 Bxf3 38. Ke3 Bg2 39. Nc3 Kf7 40. Nd3 Bf1 41. Ne1 Ke7 42. Kf2 Bh3 43. Kg3 Bg4 44. Ng2 Nb8 45. Ne3 Bd7 46. Kf3 b5 47. Ke2 Kd8 48. Kd3 Kc7 49. Ned1 Kb6 50. Nb2 Bg4 51. b4 cxb4 52. axb4 Nd7 53.
cxb5 axb5 54. Na2 Ka6 55. Nc1 Nb6 56. Nb3 Na4 57. Kc2 Be2 58. Nd2 Kb6 59. Kb3 Nxb2 60. Kxb2 Bd3 61. Kc3 Be2 62. Nb1 Bf3 63. Kd3 Kc7 64. Nc3 Kb6 65. Ke3 Bg4 66. Na2 Bd7 67. Nc1 Ka6 68. Nb3 Kb6 69. Na5 Kc7 70. Kd3 Kb6 71. Kc3 Kc7 72. Nb3 Kb6 73. Nc1 Kc7 74.
Ne2 Kb6 75. Ng1 Bg4 76. Kd2 Kc7 77. Ke3 Kd7 78. Nf3 Bxf3 79. Kxf3 Kc7 1/2-1/2

[Event "Early-Titled-Tuesday-Blitz-September-05-2023"]
[Site "Chess.com"]
[Date "2023.09.05"]
[Round "3"]
[White "Qvalda"]
[Black "Aswathchess"]
[Result "0-1"]
[WhiteElo "2363"]
[BlackElo "2578"]
[TimeControl "180+1"]
[EndTime "8:28:49 PDT"]
[Termination "Aswathchess won on time"]

1. d4 Nf6 2. Nf3 e6 3. g3 d5 4.
Bg2 Nbd7 5. O-O c5 6. c4 dxc4 7. Na3 Be7 8. Nxc4 O-O 9. Bf4 Nd5 10. Bd6 Bxd6 11. Nxd6 Qe7 12. Nxc8 Raxc8 13. e4 N5f6 14. d5 exd5 15. exd5 Qd6 16. Nd2 Nb6 17. a4 Rfd8 18. a5 Nbxd5 19. Nc4 Qc7 20. Qf3 b5 21. axb6 axb6 22.
Rfd1 h6 23. Bh3 Rb8 24. Na3 Nb4 25. Nb5 Qe5 26. Nc3 Nfd5 27. Re1 Qf6 28. Qxf6 Nxf6 29. Ra7 Nc6 30. Rc7 Nd4 31. Ree7 Rf8 32. Bf1 g5 33. Bc4 Rbc8 34. Bxf7+ Kh8 35. Bg6 Rxc7 36. Rxc7 Rg8 37.
Bf5 Nxf5 38. Rf7 Rg6 39. g4 Nd6 40. Ra7 Nxg4 41. h3 Ne5 42. Nd5 Nef7 43. Ra8+ Kg7 44. Ra6 Nc4 45. Kg2 b5 46. Ra7 Nxb2 47. Ne7 Re6 48. Nf5+ Kg6 49. Ne3 Nc4 50. Ng4 h5 51. Ne3 Nxe3+ 52. fxe3 Rxe3 53. Rc7 Re5 54. Kg3 b4 55.
Rb7 Nd6 56. Rb6 Rd5 57. Kf3 Kf5 58. Kg3 h4+ 59. Kf3 Rd3+ 60. Kg2 Ke5 61. Kh2 b3 62. Rb8 Rd2+ 63. Kh1 b2 64. Rb3 Rd1+ 0-1

[Event "Early-Titled-Tuesday-Blitz-September-05-2023"]
[Site "Chess.com"]
[Date "2023.09.05"]
[Round "3"]
[White "artin10862"]
[Black "sokidze"]
[Result "0-1"]
[WhiteElo "2971"]
[BlackElo "2764"]
[TimeControl "180+1"]
[EndTime "8:28:50 PDT"]
[Termination "sokidze won on time"]

1. d4 d5 2. Nf3 Nf6 3. e3 c5 4.
dxc5 e6 5. a3 a5 6. c4 Bxc5 7.
cxd5 exd5 8. b3 Nc6 9. Bb2 O-O 10. Be2 Bg4 11. O-O Ba7 12. Ra2 Re8 13. Ba1 Ne4 14.
Nc3 d4 15. Nxe4 Rxe4 16. Nxd4 Bxe2 17. Nxe2 Qg5 18. Ng3 Ree8 19. Rd2 Rad8 20. Rxd8 Rxd8 21. Qc2 Qd5 22. h3 Qd3 23. Qb2 f6 24. Nh5 Ne5 25. Nf4 Qd7 26. Qb1 Nf7 27. Rc1 Ng5 28. Qc2 Ne6 29. Qc4 Re8 30. Nd5 Qf7 31. Rd1 h6 32.
Qe2 Bb8 33. g3 Ng5 34. Kg2 h5 35. h4 Ne4 36. Qf3 Nc5 37. b4 axb4 38. axb4 Nd7 39.
Qf5 Be5 40. Bxe5 Nxe5 41. Nf4 g6 42. Qc2 Kg7 43. Rc1 Ng4 44. Qc7 Re7 45. Qd6 Rd7 46. Qe6 Qxe6 47. Nxe6+ Kf7 48. Nd4 Ne5 49. b5 Nd3 50.
Rc3 Ne5 51. Kf1 g5 52. Ke2 gxh4 53. gxh4 Ng6 54. Nf3 Re7 55. Rc5 Kg7 56. Rd5 Nf4+ 57. Kf1 Nxd5 58. Nd4 Kf7 59. Nf5 Rd7 60. Ke2 Nc3+ 61.
Kf3 Nxb5 0-1

[Event "Early-Titled-Tuesday-Blitz-September-05-2023"]
[Site "Chess.com"]
[Date "2023.09.05"]
[Round "3"]
[White "Manukyan_Artak"]
[Black "DefiantChair"]
[Result "0-1"]
[WhiteElo "2448"]
[BlackElo "2636"]
[TimeControl "180+1"]
[EndTime "8:28:52 PDT"]
[Termination "DefiantChair won by resignation"]

1. e4 c5 2. Nf3 d6 3. Bb5+ Nd7 4.
O-O a6 5. Bd3 Ngf6 6. Re1 g6 7. a4 Bg7 8. c3 Ne5 9. Nxe5 dxe5 10. Bc4 O-O 11. d3 Bd7 12. Be3 Qc7 13. a5 Bb5 14. Nd2 Rfd8 15. Qb3 Bxc4 16. Qxc4 Rac8 17.
Nb3 Nd7 18. Rad1 Qc6 19. Qd5 e6 20. Qxc6 Rxc6 21. Nd2 Nb8 22. Nc4 f6 23. Kf1 Kf7 24. Ke2 Bf8 25. Ra1 Rc7 26. Ra3 Nc6 27. Rb3 Na7 28. Rb6 Nc8 29. Rb3 Rcd7 30. Rd1 Rc7 31. Ra1 Na7 32. Rb6 Nc6 33. f3 Na7 34. Rb3 h5 35. Rba3 Nb5 36. R3a2 Bg7 37. Rd1 f5 38. Na3 f4 39. Nxb5 axb5 40. Bf2 Ra8 41. Rda1 Ra6 42. Kd2 Bf8 43. Kc2 g5 44. h3 Bd6 45. c4 b4 46. Kb3 Bf8 47. Ka4 Rc8 48. Kb5 Kg6 49.
Ra4 g4 50. hxg4 hxg4 51. Rh1 g3 52. Bg1 Bd6 53. b3 Rac6 54. a6 bxa6+ 55. Rxa6 Rxa6 56.
Kxa6 Ra8+ 57. Kb5 Ra1 58. Bxc5 Rxh1 59. Bxd6 Rh2 60. Bxe5 Kg5 61. Bxf4+ Kxf4 62. c5 Rxg2 63. c6 Rc2 64. d4 g2 65. d5 g1=Q 0-1